 Dungeon Crawl Stone Soup version 0.30.0-3-ga4e48a9924 (webtiles) character file.

Game seed: 11770980481922841963

4656 zazu2006 the Covert (level 10, -2/84 HPs)
             Began as a Naga Hedge Wizard on May 7, 2023.
             Was an Elder of Vehumet.
             Slain by a komodo dragon (12 damage)
             ... on level 9 of the Dungeon.
             The game lasted 00:35:27 (11319 turns).

zazu2006 the Covert (Naga Hedge Wizard)            Turns: 11319, Time: 00:35:28

Health: -2/84      AC:  7    Str: 15    XL:     10   Next: 43%
Magic:  2/22       EV: 16    Int: 16    God:    Vehumet [****..]
Gold:   118        SH:  0    Dex: 11    Spells: 14/25 levels left

rFire   . . .        E - +2 dagger (flame)
rCold   + . .        (no shield)
rNeg    . . .        b - +0 robe
rPois   +            c - +0 hat
rElec   .            t - +1 cloak {Stlth+}
rCorr   .            L - +0 pair of gloves
SInv    +            (no barding)
Will    +....        u - amulet of the acrobat
Stlth   +++++        j - +5 ring of evasion
HPRegen 0.34/turn    F - ring of protection from cold
MPRegen 0.18/turn

%: acrobat
@: short of breath, very slow
A: AC +3, large, see invisible, deformed body, poison resistance, slowness 2,
spit poison 1, naga tail 1
a: Spit Poison, Renounce Religion


You were on level 9 of the Dungeon.
You worshipped Vehumet.
Vehumet was greatly pleased with you.
You visited 3 branches of the dungeon, and saw 11 of its levels.
You also visited: Sewer and Ossuary.

You collected 374 gold pieces.
You spent 256 gold pieces at shops.

Inventory:

Hand Weapons
 E - a +2 dagger of flaming (weapon)
Armour
 b - a +0 robe (worn)
 c - a +0 hat (worn)
 e - a +0 leather armour
 t - a +1 cloak of stealth (worn)
 L - a +0 pair of gloves (worn)
Jewellery
 j - a +5 ring of evasion (left hand)
 r - a ring of positive energy
 u - an amulet of the acrobat (around neck)
 v - a ring of fire
 y - a ring of ice
 F - a ring of protection from cold (right hand)
 K - an amulet of guardian spirit
Wands
 C - a wand of polymorph (9)
 J - a wand of roots (4)
Scrolls
 a - 2 scrolls of brand weapon
 h - a scroll of acquirement {unknown}
 i - 6 scrolls of teleportation
 l - a scroll of blinking
 n - a scroll of magic mapping {unknown}
 o - 3 scrolls of immolation
 p - a scroll of summoning
 q - 2 scrolls of fog
 G - a scroll of fear
 H - 3 scrolls of noise
 I - 2 scrolls of enchant armour {unknown}
Potions
 d - 3 potions of haste {unknown}
 f - 3 potions of attraction
 g - 5 potions of curing
 k - 6 potions of cancellation {unknown}
 m - 2 potions of lignification
 w - 4 potions of brilliance {unknown}
 x - 4 potions of invisibility {unknown}
 z - 2 potions of magic
 A - 5 potions of might
 B - 3 potions of mutation
 D - a potion of resistance
 M - a potion of ambrosia {unknown}


   Skills:
 + Level 3.0 Fighting
 + Level 4.2 Dodging
 + Level 9.4 Stealth
 + Level 8.4 Spellcasting
 + Level 6.7 Conjurations
 + Level 1.0 Summonings
 + Level 1.9 Translocations
 + Level 3.2 Air Magic
 + Level 0.1 Earth Magic
 + Level 5.9 Poison Magic
 + Level 0.9 Evocations


You had 14 spell levels left.
You knew the following spells:

 Your Spells              Type           Power      Damage    Failure   Level
a - Magic Dart            Conj           100%       1d8       1%          1
b - Mephitic Cloud        Conj/Pois/Air  23%        N/A       1%          3
c - Poisonous Vapours     Pois/Air       42%        N/A       1%          2
d - Blink                 Tloc           26%        N/A       8%          2
e - Stone Arrow           Conj/Erth      34%        3d9       2%          3

Your spell library contained the following spells:

 Spells                   Type           Power      Damage    Failure   Level
 Searing Ray              Conj           56%        2d6       1%          2
 Dazzling Flash           Conj/Hex       34%        N/A       2%          3
 Hailstorm                Conj/Ice       17%        3d6       2%          3
 Freeze                   Ice            24%        1d4       3%          1
 Cigotuvi's Dreadful Rot  Necr/Pois/Air  32%        N/A       4%          2
 Iskenderun's Mystic Bla  Conj/Tloc      20%        2d6       5%          4
 Volatile Blastmotes      Fire/Tloc      18%        2d11      6%          3
 Fulminant Prism          Conj/Hex       8%         3d7       7%          4
 Frozen Ramparts          Ice            12%        1d2       9%          3
 Slow                     Hex            24%        N/A       11%         1
 Call Imp                 Summ           18%        N/A       11%         2
 Starburst                Conj/Fire      8%         6d4       67%         6
 Petrify                  Tmut/Erth      6%         N/A       71%         4
 Metabolic Englaciation   Hex/Ice        3%         N/A       96%         5
 Statue Form              Tmut/Erth      4%         N/A       100%        6


Dungeon Overview and Level Annotations

Branches:
Dungeon (9/15)             Temple (1/1) D:5            Lair (1/5) D:8
  Sewer (visited)         Ossuary (visited)
    Orc: D:9-12

Altars:
Dithmenos
Elyvilon
Fedhas
Gozag
Kikubaaqudgha
Makhleb
Nemelex Xobeh
Okawaru
Qazlal
Sif Muna
Trog
Uskayaw
Vehumet
Xom
Yredelemnul
Zin

Shops:
D:1 (   D:4 [   D:7 *[*(=


Innate Abilities, Weirdness & Mutations

Your serpentine skin is tough. (AC +3)
You have supernaturally acute eyesight. (SInv)
Armour fits poorly on your strangely shaped body.
Your system is resistant to poisons. (rPois)
You cover ground very slowly.
You can spit poison.
You have a snake-like lower body.


Message History

The komodo dragon is heavily wounded.
The komodo dragon seems less confused.
The komodo dragon bites you!
Casting: Magic Dart (safe; 1% risk of failure)
Confirm with . or Enter, or press ? or * to list all spells.
Aiming: Mephitic Cloud (safe; 1% risk of failure)
Press: ? - help, Shift-Dir - straight line, f/p - komodo dragon
Aim: a komodo dragon (heavily wounded, very poisoned, chance to affect: 62%)
The ball explodes into a vile cloud!
The stinking cloud engulfs the komodo dragon but does no damage.
The komodo dragon is heavily wounded.
The stinking cloud engulfs you but does no damage.
The komodo dragon is engulfed in noxious fumes.
The komodo dragon bites you!
You barely miss the komodo dragon.
The komodo dragon is severely wounded.
The komodo dragon is engulfed in noxious fumes.
The komodo dragon closely misses you.
You hit the komodo dragon but do no damage.
The komodo dragon is severely wounded.
The komodo dragon is engulfed in noxious fumes.
The komodo dragon bites you!
* * * LOW HITPOINT WARNING * * *
The komodo dragon attacks as you move away!
The komodo dragon bites you.
* * * LOW HITPOINT WARNING * * *
The komodo dragon is engulfed in noxious fumes.
The komodo dragon appears confused.
Aiming: Spit Poison (1% risk of failure)
Press: ? - help, Shift-Dir - straight line, f/p - komodo dragon
Aim: a komodo dragon (almost dead, confused, very poisoned, 92% to hit)
The splash of poison hits the komodo dragon.
The komodo dragon is almost dead.
A howler monkey comes into view.
The komodo dragon barely misses you.
Unknown command.
The howler monkey howls!
You hit the komodo dragon but do no damage.
The komodo dragon is almost dead.
The komodo dragon bites you!
You die...

...... ..........# .....
..........# ....
..........# #.o#
########..# #o.# #.<# #..#
#..#
#.[####################.>#
#.....).).............h..#
....)..........l@........#
##########################


You could see a komodo dragon (confused, very poisoned) and a howler monkey.

Vanquished Creatures
  A rime drake (D:8)
  A polar bear (D:8)
  Grinder (D:3)
  A yak (D:8)
  A steam dragon (D:9)
  2 water moccasins
  Duvessa (D:6)
  3 ice beasts
  2 orc warriors
  2 black bears
  3 wolves (D:8)
  An ogre (D:6)
  A centaur (D:7)
  The ghost of Huckebein the Cudgeller, an amateur GrMo (D:4)
  2 kobold brigands (D:8)
  6 scorpions
  Dowan (D:6)
  2 killer bees (D:8)
  3 howler monkeys
  6 hounds
  3 jellies
  A centaur zombie (Ossuary)
  2 gnoll boudas (D:7)
  6 orc priests
  Crazy Yiuf (D:4)
  3 iguanas
  Natasha (thrice) (D:2 D:3)
  2 sleepcaps (D:7)
  6 orc wizards
  3 mummies (Ossuary)
  9 gnolls (D:7)
  11 adders
  4 river rats (Sewer)
  A shadow imp (D:8)
  5 white imps
  2 ufetubi
  A worm (D:2)
  7 dart slugs
  21 orcs
  14 ball pythons
  6 bats
  5 endoplasms
  4 giant cockroaches
  2 gnoll zombies (Ossuary)
  8 goblins
  8 hobgoblins
  6 jackals
  9 quokkas
  7 frilled lizards
  2 goblin zombies (Ossuary)
  33 kobolds
  2 kobold zombies (Ossuary)
  An orc zombie (Ossuary)
  33 rats
272 creatures vanquished.

Vanquished Creatures (collateral kills)
  2 killer bees (D:8)
  2 kobolds (D:8)
4 creatures vanquished.

Vanquished Creatures (others)
  A killer bee (D:8)
  A fungus (D:4)
  A plant (Lair:1)
3 creatures vanquished.

Grand Total: 279 creatures vanquished

Notes
Turn   | Place    | Note
-------+----------+-------------------------------------------
     0 | D:1      | zazu2006 the Naga Hedge Wizard began the quest for the Orb.
     0 | D:1      | Reached XP level 1. HP: 15/15 MP: 4/4
   134 | D:1      | Reached XP level 2. HP: 15/22 MP: 0/6
   591 | D:1      | Reached XP level 3. HP: 26/28 MP: 1/8
   595 | D:1      | Learned a level 3 spell: Mephitic Cloud
   598 | D:1      | Learned a level 2 spell: Blink
  1025 | D:1      | Found Obru's Antique Weapon Shop.
  1336 | D:2      | Reached XP level 4. HP: 36/36 MP: 3/9
  1592 | D:2      | Noticed Natasha
  1606 | D:2      | Killed Natasha
  1705 | D:2      | Reached XP level 5. HP: 42/42 MP: 8/11
  2116 | D:2      | Noticed Natasha
  2126 | D:2      | Killed Natasha
  2131 | D:2      | Noticed Natasha
  2270 | D:3      | Killed Natasha
  2314 | D:3      | Reached XP level 6. HP: 45/49 MP: 0/13
  2373 | D:3      | Reached skill level 5 in Spellcasting
  2511 | D:3      | Noticed Grinder
  2624 | D:4      | Reached skill level 1 in Poison Magic
  2920 | D:3      | Paralysed by Grinder for 3 turns
  3128 | D:5      | Entered Level 5 of the Dungeon
  3208 | D:4      | Found a blossoming altar of Fedhas.
  3222 | D:4      | Found a runed translucent door.
  3223 | D:4      | Noticed Crazy Yiuf
  3255 | D:4      | Killed Crazy Yiuf
  3346 | D:4      | Reached XP level 7. HP: 47/56 MP: 12/15
  3390 | D:4      | Found a large runed translucent door.
  3397 | D:4      | Found a large runed translucent door.
  3582 | D:4      | Reached skill level 1 in Fighting
  3662 | D:4      | Noticed Huckebein's ghost (amateur GrMo)
  3727 | D:4      | Reached skill level 1 in Air Magic
  3859 | D:4      | Reached skill level 4 in Stealth
  3943 | D:4      | Found Moeky's Antique Armour Boutique.
  4277 | D:5      | Found a staircase to the Ecumenical Temple.
  4300 | Temple   | Entered the Ecumenical Temple
  4384 | Temple   | Became a worshipper of Vehumet
  4974 | D:5      | Reached XP level 8. HP: 64/64 MP: 9/16
  5355 | D:6      | Found a glowing drain.
  5359 | Sewer    | Entered a sewer
  5611 | Sewer    | Reached skill level 5 in Stealth
  5716 | Sewer    | Reached * piety under Vehumet
  5716 | Sewer    | Offered knowledge of Kiss of Death by Vehumet.
  6279 | Sewer    | Reached ** piety under Vehumet
  6628 | D:6      | Found a shimmering blue altar of Sif Muna.
  6636 | D:6      | Offered knowledge of Momentum Strike by Vehumet.
  6643 | D:6      | Got Sif Muna's Codex of the Crevasse
  6936 | D:6      | Noticed Duvessa
  6936 | D:6      | Noticed Dowan
  6946 | D:6      | Killed Dowan
  6960 | D:6      | Killed Duvessa
  7290 | D:6      | Reached skill level 6 in Stealth
  7290 | D:6      | Reached skill level 5 in Conjurations
  7716 | D:4      | Bought a pair of polished gloves for 256 gold pieces
  7716 | D:4      | Identified the +2 pair of gloves "Oviott" {-Cast Rampage
                  | rElec rC++ Regen+} (You bought it in a shop on level 4 of
                  | the Dungeon)
  7777 | D:3      | Found a sparkling altar of Nemelex Xobeh.
  7828 | D:3      | Paralysed by Grinder for 4 turns
  7833 | D:3      | Killed Grinder
  7834 | D:3      | Reached XP level 9. HP: 30/73 MP: 16/19
  8043 | D:3      | Found an iron altar of Okawaru.
  8218 | D:7      | Found Oromyn's Antique Armour Boutique.
  8286 | D:7      | Reached skill level 7 in Stealth
  8325 | D:7      | Found Totum's Antique Weapon Shop.
  8347 | D:7      | Found Haury's Jewellery Emporium.
  8443 | D:7      | Found Athroete's Assorted Antiques.
  8493 | D:7      | Offered knowledge of Poisonous Vapours by Vehumet.
  8500 | D:7      | Learned a level 2 spell: Poisonous Vapours
  8836 | D:7      | Found Nury's General Store.
  9013 | D:7      | Reached *** piety under Vehumet
  9337 | D:4      | Killed Huckebein's ghost
  9488 | D:8      | Noticed a polar bear
  9489 | D:8      | Noticed a rime drake
  9582 | D:8      | Offered knowledge of Stone Arrow by Vehumet.
  9587 | D:8      | Reached skill level 8 in Stealth
  9671 | D:8      | Reached skill level 5 in Poison Magic
  9684 | D:8      | Found a staircase to the Lair.
  9764 | D:8      | Found a sand-covered staircase.
  9773 | Ossuary  | Entered an ossuary
 10129 | D:8      | Reached XP level 10. HP: 63/81 MP: 11/22
 10307 | D:8      | Reached skill level 9 in Stealth
 10319 | D:8      | Reached **** piety under Vehumet
 10802 | D:8      | Learned a level 3 spell: Stone Arrow
 11097 | Lair:1   | Entered Level 1 of the Lair of Beasts
 11100 | Lair:1   | Noticed an elephant
 11101 | Lair:1   | Noticed an elephant
 11101 | Lair:1   | Noticed a cane toad
 11102 | Lair:1   | Noticed a cane toad
 11104 | Lair:1   | Noticed an elephant
 11319 | D:9      | Slain by a komodo dragon

Illustrated notes

Levels and vault maps discovered:
D:1:      lightli_arrival_chessboard, layout_rooms, serial_shops,
          nicolae_shop_back_alley_shop, corner_web_ring,
          hangedman_decor_clover_reticule
D:2:      layout_rooms, interstate_on_off, minmay_tetromino_o2, uniq_natasha
D:3:      layout_rooms, marbit_many_paths, mainiacjoe_overflow_alcove_1,
          uniq_grinder
D:4:      layout_basic, fedhas_altar_1, ebering_ghost_disaster_area,
          serial_shops, nicolae_shop_competitors_out_of_business,
          nrook_mini_vaults, uniq_crazy_yiuf_cottage
D:5:      layout_loops_ring, minmay_temple_entry_arrows
D:6:      layout_loops_ring, led_sif_book, gup_sewer_entry_spiral, uniq_duvessa
D:7:      layout_gridville, serial_shops, nicolae_shop_hallway_plus, shop,
          nicolae_shop_just_a_little_nook, shop, nicolae_shop_real_fake_doors
D:8:      layout_basic, hellmonk_lair_entry_icy, enter_ossuary_2
D:9:      layout_long_grid, uniq_pikel
Temple:   compressed_dpeg_circular_temple
Lair:1:   layout_gridlike, special_room [special_room_bee],
          lemuel_another_geyser, serial_bayou_shore_a,
          infiniplex_staircase_pool, grunt_megastairs_1, lemuel_fruit_tree

Skill      XL: |  1  2  3  4  5  6  7  8  9 10 |
---------------+-------------------------------+-----
Dodging        | 2 3 4 |  4.2
Conjurations   | 2 3 4 5 6 |  6.7
Spellcasting   | 4 5 7 8 |  8.4
Poison Magic   | 2 3 4 5 |  5.9
Fighting       | 1 2 3 |  3.0
Air Magic      | 1 2 3 |  3.2
Stealth        | 4 6 8 9 |  9.4
Summonings     | |  1.0
Translocations | |  1.9
Earth Magic    | |  0.1
Evocations     | |  0.9

Action                     |  1- 3 |  4- 6 |  7- 9 | 10-12 || total
---------------------------+-------+-------+-------+-------++-------
  Melee: Dagger            |    16 |    29 |   295 |   107 ||   447
         Punch             |       |     2 |     6 |     3 ||    11
   Cast: Magic Dart        |    84 |   106 |   322 |    13 ||   525
         Mephitic Cloud    |       |     8 |    43 |    19 ||    70
         Blink             |       |     1 |     5 |       ||     6
         Poisonous Vapours |       |       |     2 |     6 ||     8
         Stone Arrow       |       |       |       |     7 ||     7
Ability: Spit Poison       |    17 |    26 |    42 |     7 ||    92
  Evoke: Wand              |       |       |    10 |       ||    10
    Use: Potion            |       |     2 |       |       ||     2
         Scroll            |       |       |    13 |     3 ||    16
   Stab: Confused          |       |     1 |    22 |     8 ||    31
         Sleeping          |       |       |     7 |       ||     7
         Distracted        |       |       |     3 |       ||     3
 Armour: Robe              |     4 |     4 |    76 |    25 ||   109
  Dodge: Dodged            |    13 |    41 |   283 |    78 ||   415
